 Dungeon Crawl Stone Soup version 0.22-a0-274-gf8199ec (webtiles) character file.

113 nikopol the Magician (level 4, -1/24 HPs)
             Began as a Deep Elf Fire Elementalist on Mar 13, 2018.
             Shot with a stone by a goblin (2 damage)
             ... on level 3 of the Dungeon.
             The game lasted 00:05:38 (1767 turns).

nikopol the Magician (Deep Elf Fire Elementalist)   Turns: 1767, Time: 00:05:39

Health: -1/24      AC:  2    Str:  5    XL:     4   Next: 65%
Magic:  6/12       EV: 13    Int: 21    God:
Gold:   99         SH:  0    Dex: 15    Spells: 5/11 levels left

rFire    . . .     SeeInvis .   (no weapon)
rCold    . . .     Gourm    .   (no shield)
rNeg     . . .     Faith    .   a - +0 robe
rPois    .         Spirit   .   (no helmet)
rElec    .         Reflect  .   (no cloak)
rCorr    .         Harm     .   (no gloves)
MR       .....                  (no boots)
Stlth    ++........             (no amulet)
HPRegen  0.08/turn              (no ring)
MPRegen  0.13/turn              (no ring)

@: no status effects
A: no striking features
a: no special abilities


You were on level 3 of the Dungeon.
You were hungry.

You visited 1 branch of the dungeon, and saw 3 of its levels.

You collected 99 gold pieces.

Inventory:

Armour
 a - a +0 robe (worn)
Jewellery
 d - an uncursed amulet of regeneration {unknown}
Scrolls
 b - a scroll of enchant weapon {unknown}
 f - a scroll of noise {unknown}
 g - a scroll of remove curse {unknown}
 i - 2 scrolls of immolation {unknown}
 k - a scroll of identify {unknown}
Potions
 e - 5 potions of curing {unknown}
 h - a potion of heal wounds {unknown}
Comestibles
 c - 6 rations
 j - 6 chunks of flesh


   Skills:
 + Level 2.7 Dodging
 + Level 2.9 Stealth
 + Level 4.4 Spellcasting
 + Level 2.4 Conjurations
 + Level 4.4 Fire Magic


You had 5 spell levels left.
You knew the following spells:

 Your Spells              Type           Power        Failure   Level  Hunger
a - Flame Tongue          Conj/Fire      ###..        2%          1    None
b - Throw Flame           Conj/Fire      ###...       4%          2    #......
c - Conjure Flame         Conj/Fire      ###.....     9%          3    ##.....


Dungeon Overview and Level Annotations

Branches:
Dungeon (3/15)

Altars:
Gozag
Kikubaaqudgha
Makhleb
Trog


Message History

Casting: Flame Tongue (safe; 2% risk of failure)
Confirm with . or Enter, or press ? or * to list all spells.
Aiming: Conjure Flame (safe; 9% risk of failure)
Press: ? - help, Dir - move target cursor The fire ignites!
Casting: Conjure Flame (safe; 9% risk of failure)
Confirm with . or Enter, or press ? or * to list all spells.
Aiming: Flame Tongue (safe; 2% risk of failure)
Press: ? - help, Shift-Dir - straight line, f - orc wizard
Aim: an orc wizard, wielding a dagger and wearing a robe The flame tongue hits the orc wizard.
The orc wizard appears unharmed.
The orc priest invokes the aid of Beogh against you.
Beogh smites you!
Ouch! That really hurt!
* * * LOW HITPOINT WARNING * * *
You hear an angry hiss.
A goblin comes into view.
The goblin wields a hunting sling.
The goblin shoots a stone.
The stone hits you.
You die...

### ..# #
#######o##.####
.......o.).....
#.#
###########g#
#.....@.....#
#.###########
#.# #####.#
#.....######
#.#..........
#.######### #.#
#.#


You could see a goblin.

Vanquished Creatures
  Terence (D:2)
  3 adders
  2 oozes (D:2)
  A leopard gecko (D:3)
  4 orcs (D:3)
  3 bats (D:1)
  5 giant cockroaches
  6 goblins
  5 hobgoblins
  3 jackals (D:3)
  5 kobolds
  A quokka (D:3)
  A ball python (D:1)
  A frilled lizard (D:2)
  4 rats
45 creatures vanquished.

Notes
Turn   | Place    | Note
-------+----------+-------------------------------------------
     0 | D:1      | nikopol the Deep Elf Fire Elementalist began the quest for the Orb.
     0 | D:1      | Reached XP level 1. HP: 10/10 MP: 6/6
   204 | D:1      | Reached XP level 2. HP: 15/15 MP: 3/8
   620 | D:2      | Reached XP level 3. HP: 18/19 MP: 1/10
   659 | D:2      | Learned a level 2 spell: Throw Flame
   663 | D:2      | Learned a level 3 spell: Conjure Flame
   878 | D:2      | Noticed Terence
   886 | D:2      | Killed Terence
   886 | D:2      | Reached XP level 4. HP: 24/24 MP: 1/12
  1116 | D:2      | Found a bloodstained altar of Trog.
  1119 | D:2      | Found a burning altar of Makhleb.
  1133 | D:2      | Found an opulent altar of Gozag.
  1136 | D:2      | Found an ancient bone altar of Kikubaaqudgha.
  1762 | D:3      | HP: 1/24 [orc priest/divine providence (14)]
  1767 | D:3      | Shot with a stone by a goblin

Vault maps used:
D:1:      eino_arrival_cavern_e
D:2:      grunt_temple_overflow_cloverleaf, minmay_pentomino_o2, uniq_terence

Skill      XL: |  1  2  3  4 |
---------------+-------------+-----
Fire Magic     | 4 |  4.4
Spellcasting   | 4 |  4.4
Conjurations   | 2 |  2.4
Dodging        | |  2.7
Stealth        | |  2.9

Action                   |  1- 3 |  4- 6 || total
-------------------------+-------+-------++-------
 Cast: Flame Tongue      |    52 |    35 ||    87
       Conjure Flame     |     1 |     2 ||     3
  Eat: Chunk             |       |     2 ||     2
Armor: Robe              |     3 |       ||     3
Dodge: Dodged            |    27 |     7 ||    34

Table legend:
 A = Spawn XP
 B = Non-spawn XP
 C = Spawn XP percentage of total XP
 D = Spawn monster count
 E = Non-spawn monster count
 F = Spawn count percentage of total count
 G = Total turns spent on level
                    A         B        C        D         E        F      G
               +---------+---------+-------+---------+---------+-------+---------
         Total |       0 |     162 |   0.0 |       0 |      45 |   0.0 |  1767
               +---------+---------+-------+---------+---------+-------+---------
           D:1 |       0 |      31 |   0.0 |       0 |      19 |   0.0 |   683
           D:2 |       0 |      91 |   0.0 |       0 |      14 |   0.0 |   786
           D:3 |       0 |      40 |   0.0 |       0 |      12 |   0.0 |   298
               +---------+---------+-------+---------+---------+-------+---------
